AoeStats
← JonnyBravo

Nomad

503246643Analyzed
3v3 RM · 2mo ago on Aug 30, 2026· 51m 53s· 6 players
Game mode
Random Map
Map size
210×210
Population
200
Speed
Normal
Resources
Standard
Victory
Conquest
Starting age
Dark Age
Ending age
Imperial Age
RankedLock teamsTeams togetherTeam positionsShared explorationLock speedFull tech treeHidden civsTurbo modeCheats
Victory
Defeat
🇩🇪 Persians · Germany
1132
+14
🇳🇱 Spanish · Netherlands
1102
+15
🇺🇸 Romans · United States
982
+20
vs
🇨🇦 Magyars · Canada
1145
-19
🇫🇷 Poles · France
1086
-17
🇨🇦 Malay · Canada
1016
-13
5WhiskeyTango
6:11 Loom
15:10 Feudal Age
21:06 Castle Age
19:42 Man-at-Arms
20:32 Fishing Lines
21:31 Pikeman
22:17 Squires
22:20 Scale Mail Armor
22:30 Forging
22:44 Double-Bit Axe
22:56 Horse Collar
24:25 Bow Saw
24:24 Long Swordsman
26:21 Wheelbarrow
33:09 Gold Mining
40:26 Chain Mail Armor
40:47 Iron Casting
44:12 Imperial Age
42:56 Fletching
43:23 Murder Holes
43:39 Fortified Wall
45:05 Capped Ram
45:52 Legionary
46:10 Halberdier
47:15 Stone Mining
49:02 Conscription
50:00 Heavy Plow
ShootingDutchman
3:07 Loom
15:37 Feudal Age
16:33 Double-Bit Axe
21:33 Castle Age
21:52 Stone Mining
24:40 Bow Saw
25:29 Padded Archer Armor
25:48 Fishing Lines
27:50 Gold Mining
28:41 Leather Archer Armor
28:43 Gillnets
30:46 Medium Warships
30:42 Horse Collar
32:41 Bloodlines
36:44 Imperial Age
34:00 Town Watch
35:21 Wheelbarrow
35:19 Husbandry
36:01 Fletching
38:15 Ballistics
40:06 Hand Cart
41:07 Chemistry
41:22 Ring Archer Armor
41:13 Heavy Plow
42:49 Heavy Warships
43:44 Conscription
43:34 Elite Cannon Galleon
50:12 Careening
50:18 Clinker Construction
51:47 Bodkin Arrow
52:18 Dry Dock
52:20 Carvel Hull
JonnyBravo
6:57 Loom
14:18 Feudal Age
18:16 Castle Age
16:39 Double-Bit Axe
17:23 Horse Collar
20:47 Fishing Lines
22:17 Wheelbarrow
21:49 Heavy Plow
21:40 Gold Mining
21:40 Stone Mining
23:05 Bow Saw
27:53 Bloodlines
27:44 Husbandry
28:41 Gillnets
29:54 Scale Barding Armor
30:59 Chain Barding Armor
30:51 Forging
34:25 Imperial Age
33:33 Hand Cart
33:04 Town Watch
34:16 Ballistics
33:49 Fletching
34:34 Iron Casting
35:05 Conscription
34:10 Cavalier
35:34 Plate Barding Armor
35:52 Savar
38:23 Gold Shaft Mining
39:36 Two-Man Saw
39:46 Town Patrol
42:50 Chemistry
42:52 Blast Furnace
42:49 Crop Rotation
42:17 Bodkin Arrow
noahdeycoco
3:54 Loom
16:35 Feudal Age
17:22 Fishing Lines
19:11 Double-Bit Axe
21:47 Castle Age
24:31 Medium Warships
28:29 Wheelbarrow
27:48 Horse Collar
29:15 Light Cavalry
30:05 Bloodlines
30:50 Husbandry
31:08 Scale Barding Armor
31:15 Forging
34:24 Iron Casting
34:02 Crossbowman
34:47 Thumb Ring
mojokette
16:26 Feudal Age
21:55 Castle Age
21:57 Caravan
22:27 Forging
22:24 Crossbowman
24:18 Loom
25:09 Wheelbarrow
26:03 Gold Mining
28:28 Man-at-Arms
29:19 Scale Barding Armor
29:17 Padded Archer Armor
30:38 Thumb Ring
30:01 Pikeman
32:37 Squires
32:25 Arson
33:32 Husbandry
34:29 Light Cavalry
40:41 Elite Skirmisher
46:11 Thalassocracy
48:56 Imperial Age
48:47 Forced Levy
vgiraud
3:46 Loom
15:31 Feudal Age
16:00 Horse Collar
16:08 Double-Bit Axe
23:56 Castle Age
22:11 Gold Mining
23:15 Bloodlines
25:27 Bow Saw
25:20 Heavy Plow
26:09 Wheelbarrow
26:00 Stone Mining
29:16 Scale Barding Armor
29:51 Husbandry
31:22 Hand Cart
38:11 Imperial Age
36:58 Corvinian Army
41:31 Two-Man Saw
40:23 Elite Magyar Huszar
43:42 Chain Barding Armor
43:08 Cavalier
Connection lost

Rejoining the realm…

Still unreachable

The connection could not be restored.

Session expired

The server has moved on; the page needs a fresh start.